[Event "FRA-ch Teams Top 16-A 2022"]
[Site "Chartres"]
[Date "2022.06.09"]
[Round "1.31"]
[White "Flom, Gabriel"]
[Black "Barbot, Pierre"]
[Result "0-1"]
[ECO "E32"]
[WhiteElo "2442"]
[BlackElo "2450"]
[Annotator "TA"]
[PlyCount "74"]
[EventDate "2022.06.09"]
[EventType "team-tourn"]
[EventCountry "FRA"]
[SourceTitle "playchess.com"]
[Source "ChessBase"]
[SourceQuality "1"]
[TimeControl "40/5400+30:1800+30"]

1. d4 Nf6 2. c4 e6 3. Nc3 Bb4 4. Qc2 O-O 5. Nf3 d6 6. Bd2 b6 {[%emt 0:05:57] E32: Nimzo-Indian: Classical (4 Qc2): 4...0-0.} 7. e4 $1 {[%emt 0:03:39] 7.e3 is vanishing.} e5 {[%emt 0:07:43] [#]} 8. O-O-O $146 ({Predecessor:} 8. d5 Nh5 9. g3 f5 10. Be2 fxe4 11. Nxe4 Bxd2+ 12. Nfxd2 Nf6 13. O-O Nxe4 14. Nxe4 {0-1 (32) Fier,A (2551)-Wang,H (2718) Sharjah 2019}) 8... Nbd7 {[%emt 0:27:19] The position is equal.} 9. a3 Bxc3 10. Bxc3 Qe7 11. Re1 c5 12. d5 Re8 13. g3 Nf8 14. Nd2 a6 15. Rg1 Qb7 (15... Ng6 $14) 16. f4 $16 b5 {[%emt 0:02:15] aiming for ...b4.} 17. fxe5 dxe5 18. Nb3 Bd7 19. Nxc5 Qb6 {[%emt 0:00:51] [#]} 20. Nxd7 N8xd7 {[%emt 0:00:06][%cal Bf8d7,Bd7c5,Bc5e4][%mdl 32] [#]} 21. Rg2 Rec8 22. cxb5 (22. Qf2 $16) 22... axb5 $14 23. Qb3 (23. Kb1 $14) 23... Nxe4 $1 $11 {[%emt 0:02:56][%mdl 64] Decoy} 24. Rxe4 (24. Rc2 $11 {should be considered.}) 24... Nc5 $1 $15 25. Qxb5 {[%emt 0:00:04][%mdl 8192] Now White is beyond hope.} (25. Qc2 $17 Nxe4 26. Qxe4) 25... Qxb5 (25... Qh6+ $142 26. Kc2 Nxe4) 26. Bxb5 $19 {[%emt 0:00:06] A strong pair of Bishops.} Nxe4 27. Bd7 {[%emt 0:03:32] [#]} (27. Rc2 $142 Nxc3 28. bxc3) 27... Rc5 $1 ({Weaker is} 27... Nxc3 28. Bxc8 Rxc8 29. bxc3 $11) 28. Bc6 Ra7 ({Not} 28... Nxc3 29. Bxa8 Ne2+ 30. Kb1 $16) 29. Rc2 Nxc3 30. Rxc3 (30. bxc3 Rxa3 31. Kb2) 30... Rxc3+ {[%emt 0:00:05] Black is clearly winning.} 31. bxc3 Rxa3 {[%emt 0:00:21][%mdl 4096] Endgame KR-KB} 32. Kb2 Ra5 33. Kb3 Kf8 34. c4 (34. h4 $142) 34... e4 {[%emt 0:02:19][%cal Oa5a2] Threatens to win with ...Ra2!} 35. Kc3 Ra3+ 36. Kc2 Ra2+ 37. Kd1 f5 {[%emt 0:01:25] Weighted Error Value: White=0.50/Black=0.23 (precise)} 0-1

[Event "FRA-ch Teams Top 16-A 2022"]
[Site "Chartres"]
[Date "2022.06.09"]
[Round "1.32"]
[White "Milliet, Sophie"]
[Black "Aflalo, Sophie"]
[Result "1-0"]
[ECO "E91"]
[WhiteElo "2410"]
[BlackElo "2152"]
[Annotator "TA"]
[PlyCount "55"]
[EventDate "2022.06.09"]
[EventType "team-tourn"]
[EventCountry "FRA"]
[SourceTitle "playchess.com"]
[Source "ChessBase"]
[SourceQuality "1"]
[TimeControl "40/5400+30:1800+30"]

1. d4 Nf6 2. c4 g6 3. Nc3 c5 4. d5 d6 5. e4 e6 6. Nf3 exd5 7. exd5 Bg7 8. Be2 O-O 9. O-O a6 10. h3 {[%emt 0:00:42] [#] E91: King's Indian: Classical: 6 Be2, unusual replies including 6...c5 and 6...Bg4.} Nfd7 $146 ({Predecessor:} 10... Re8 11. Bd3 Nbd7 12. Bf4 Nh5 13. Bxd6 Qb6 14. Ne4 f5 15. Bxc5 Nxc5 16. Nxc5 Qxc5 17. Rb1 a5 18. b3 Bd7 {0-1 (44) Chernobay,A (2484)-Chasin,N (2297) Chess.com INT 2021}) 11. Bf4 Ne5 12. Nxe5 {[%emt 0:00:22] White is slightly better.} dxe5 13. Be3 b6 14. a4 {[%emt 0:07:49][%cal Ba2a4,Ba4a5,Ba5b6][%mdl 32] aiming for a5!} Nd7 (14... a5 $1 $11 {remains equal.}) 15. a5 $16 f5 16. axb6 e4 17. d6 $1 Bb7 {[%emt 0:13:43] Against Qd5+. Hoping for ...f4.} 18. Nd5 $36 {[%emt 0:00:43][%cal Ob2b4][%mdl 2048] White is really pushing.} Bxb2 19. Rb1 Be5 20. Ne7+ Kh8 {[%emt 0:03:43] [#]} 21. f4 $1 Bg7 22. Qd2 {[%emt 0:05:37] Black must now prevent Qa5. White is much more active.} a5 23. Nd5 Bxd5 24. Qxd5 Nxb6 {[%emt 0:00:16] [#]} (24... a4 $142) 25. Qc6 $1 $18 Nd7 26. Rb7 Rf7 27. Bxc5 {[%emt 0:04:59] Be3 is the strong threat.} Ra6 $2 (27... Nb8 28. Qd5 Rxb7 29. Qxb7 Nd7) 28. Rxd7 {[%emt 0:03:21] Weighted Error Value: White=0.05 (flawless) /Black=0.22 (precise)} (28. Qxa6 $2 {too greedy.} Nxc5 29. Rd1 Nxa6 $19) 1-0

[Event "FRA-ch Teams Top 16-A 2022"]
[Site "Chartres"]
[Date "2022.06.10"]
[Round "2.1"]
[White "Abasov, Nijat"]
[Black "Korobov, Anton"]
[Result "1/2-1/2"]
[ECO "B22"]
[WhiteElo "2635"]
[BlackElo "2671"]
[Annotator "TA"]
[PlyCount "56"]
[EventDate "2022.06.09"]
[EventType "team-tourn"]
[EventCountry "FRA"]
[SourceTitle "playchess.com"]
[Source "ChessBase"]
[SourceQuality "1"]
[TimeControl "40/5400+30:1800+30"]

1. e4 c5 2. c3 Nf6 3. e5 Nd5 4. Nf3 Nc6 5. Bc4 Nb6 6. Bb3 d6 7. exd6 Qxd6 {[%emt 0:00:09] The position is equal.} 8. Na3 {[%emt 0:03:45] B22: Sicilian: 2 c3.} Be6 9. O-O {[%emt 0:10:04] Nb5 is the strong threat.} Bxb3 10. axb3 Qd3 11. Re1 e6 12. Re3 Qd7 13. Nc4 Nxc4 14. bxc4 Be7 15. d4 cxd4 16. cxd4 ({Don't go for} 16. Nxd4 $2 e5 17. Rd3 exd4 $19) 16... O-O 17. b3 Rfd8 {[%emt 0:01:40] [#] An uneventful encounter.  Weighted Error Value: White=0.03 (flawless) /Black=0.01 (flawless)} {Predecessor:} 18. Bb2 $146 Bf6 19. Rd3 Nb4 20. Rd2 a5 21. Bc3 b5 22. Qe2 bxc4 23. bxc4 h6 24. Ne5 Qc7 25. Ng4 Be7 26. g3 a4 27. Re1 Rac8 28. Ne3 a3 {½-½ (28) Broniek,M (2264)-Noble,M (2422) LSS email 2008} 1/2-1/2

[Event "FRA-ch Teams Top 16-A 2022"]
[Site "Chartres"]
[Date "2022.06.10"]
[Round "2.2"]
[White "Jones, Gawain C B"]
[Black "Demuth, Adrien"]
[Result "1-0"]
[ECO "B24"]
[WhiteElo "2669"]
[BlackElo "2493"]
[Annotator "TA"]
[PlyCount "157"]
[EventDate "2022.06.09"]
[EventType "team-tourn"]
[EventCountry "FRA"]
[SourceTitle "playchess.com"]
[Source "ChessBase"]
[SourceQuality "1"]
[TimeControl "40/5400+30:1800+30"]

1. e4 c5 2. Nf3 e6 3. g3 d5 4. exd5 exd5 5. d4 cxd4 6. Nxd4 Nc6 7. Nc3 Nf6 8. Bg2 Bc5 {[%emt 0:00:19] B24: Closed Sicilian: 3 g3 sidelines.} 9. Nb3 Qe7+ 10. Qe2 {[%emt 0:06:59] [#]} Bb4 $146 {[%emt 0:09:00] White is slightly better.} ({Predecessor:} 10... Qxe2+ 11. Nxe2 Bb6 12. c3 O-O 13. a4 a6 14. a5 Ba7 15. O-O Bf5 16. Bg5 Ne4 {1-0 (45) Henriquez Villagra,C (2202)-Salgado,J (2147) Chile 2010}) 11. O-O Be6 12. Nb5 O-O 13. c3 Bg4 14. Qxe7 Bxe7 15. Re1 {[%emt 0:00:13] Inhibits Be2.} a6 16. Nc7 Rad8 17. Bg5 Rd7 18. Bxf6 Rxc7 19. Bxe7 Nxe7 20. h3 Be6 21. Nd4 Bc8 22. Rad1 {[%emt 0:00:30] White is more active.} Rd8 23. c4 (23. Kh2 $16) 23... Kf8 $1 $11 (23... dxc4 $2 24. Nf5 $1 Rcd7 25. Rxd7 Bxd7 26. Nxe7+ $18) 24. cxd5 {[%emt 0:03:21][%cal Od5d6] Strongly threatening d6!} Nxd5 25. Nb3 Rcd7 ({Much less strong is} 25... Be6 26. f4 $16) 26. Nc5 Rd6 27. Ne4 R6d7 28. Nc5 Rd6 29. Rd4 {[%emt 0:02:47] Red1 is the strong threat.} b6 30. Ne4 R6d7 31. h4 Ne7 32. Rb4 b5 33. Nc5 Rd1 34. Kf1 R1d4 35. a3 Rxb4 36. axb4 Rd2 37. b3 Nd5 38. Bxd5 Rxd5 {[%emt 0:00:04][%mdl 4096] Endgame KRB-KRN} 39. Ra1 Rd4 40. Ke2 Rxb4 41. Kd3 Rg4 42. Nxa6 Bf5+ 43. Kc3 Re4 44. Nb4 g6 45. Ra2 Bd7 46. Rd2 Be6 47. Nc6 h5 48. Nd4 Bd7 49. Re2 Rg4 50. Re5 f6 $1 51. Rd5 Ke7 52. Ne2 b4+ 53. Kd2 Be6 54. Rd3 Re4 55. Nd4 Kf7 56. Nc6 {[%emt 0:00:06] aiming for f3.} Bf5 57. Rd4 (57. f3 $14 Re8 58. Rd4) 57... Re8 (57... Rxd4+ $11 58. Nxd4 Be6) 58. Rxb4 $16 Be4 59. Nd4 g5 (59... Ke7 $16 60. Rb6 Bd5) 60. Nb5 $18 {[%emt 0:00:38] Hoping for Nd6+.} Kg6 61. Nd6 Rd8 62. Rd4 ({Better is} 62. Rxe4 $18 Rxd6+ 63. Kc3) 62... Bg2 $16 63. b4 Ra8 64. Ke3 (64. b5 $16) 64... Bf1 (64... Ra3+ $14 65. Ke2 Ra2+ 66. Rd2 Ra4) 65. Rd1 $1 $18 Ra3+ (65... Bh3 $18 66. b5 Ra3+ 67. Kd4 Ra2) 66. Kd4 $1 $16 Bg2 (66... Be2 $16 67. Rd2 Bf1) 67. b5 $18 Rf3 68. Rd2 $1 gxh4 (68... Ra3 $142 69. b6 Ra1) 69. gxh4 Rf4+ 70. Kc5 {[%emt 0:01:35][%cal Of2f3] Black must now prevent f3!} Rxh4 71. f4 $2 ({Worse is} 71. b6 Rh1 $11) (71. Rd3 $1 $18 Rh3 72. Rxh3 Bxh3 73. b6) 71... Bf3 (71... Rg4 $1 $11) 72. Rf2 $1 $14 Ba8 $1 73. Ra2 Bf3 74. Ra3 $1 Rxf4 $2 (74... Bh1 $14) 75. b6 Bh1 76. Ra1 $1 Bg2 {[%emt 0:00:32] [#]} 77. Rg1 $1 Rg4 {[%emt 0:00:22] [#]} 78. Rxg2 $1 {[%emt 0:00:12][%mdl 576] Remove Defender, Promotion} Rxg2 79. b7 {[%emt 0:00:05] Weighted Error Value: White=0.07 (flawless) /Black=0.09 (flawless)} 1-0

[Event "FRA-ch Teams Top 16-A 2022"]
[Site "Chartres"]
[Date "2022.06.10"]
[Round "2.3"]
[White "Parligras, Mircea-Emilian"]
[Black "Grandelius, Nils"]
[Result "1/2-1/2"]
[ECO "D17"]
[WhiteElo "2583"]
[BlackElo "2635"]
[Annotator "TA"]
[PlyCount "55"]
[EventDate "2022.06.09"]
[EventType "team-tourn"]
[EventCountry "FRA"]
[SourceTitle "playchess.com"]
[Source "ChessBase"]
[SourceQuality "1"]
[TimeControl "40/5400+30:1800+30"]

1. d4 d5 2. c4 c6 3. Nf3 Nf6 4. Nc3 dxc4 5. a4 Bf5 6. Ne5 Nbd7 7. Nxc4 Qc7 8. g3 e5 9. dxe5 Nxe5 10. Bf4 Nfd7 11. Bg2 g5 $1 {[%emt 0:01:31] The main line 11...g5 scores better than 11...f6. D17: Slav Defence: 5 a4 Bf5: Lines with 6 Nh4 and 6 Ne5.} 12. Bxe5 Nxe5 13. Qd4 f6 14. Ne3 (14. O-O-O {feels hotter.} Be6 15. f4 gxf4 16. gxf4 Rd8 17. Qxd8+ Qxd8 18. Rxd8+ Kxd8 19. fxe5 Bxc4 20. exf6 Kc7 21. Bh3) 14... Bg6 {[%emt 0:02:51] [#]} 15. h4 $146 ({Predecessor:} 15. a5 Qd6 16. Qa4 Qb4 17. Qa2 Bf7 18. Qb1 Bg6 19. Qa2 Bf7 20. Qb1 Bg6 21. Qa2 Bf7 {½-½ (21) Lenic,L (2651)-Ragger,M (2646) Austria 2013}) 15... Qd8 16. Qxd8+ Rxd8 17. hxg5 fxg5 18. Be4 Bc5 19. Bxg6+ Nxg6 20. Ne4 {[%emt 0:09:14] The position is equal.} (20. Nf5 {looks sharper.} O-O 21. Nh6+ Kg7 22. e3) 20... Bxe3 21. fxe3 h6 22. a5 Ke7 23. Ra4 Rd5 {[%emt 0:03:19] Against Nc5} 24. Rb4 Rb5 25. Rxb5 cxb5 26. Nc5 b6 27. axb6 axb6 28. Nd3 {[%emt 0:00:52] An interesting draw.  Weighted Error Value: White=0.04 (flawless) /Black=0.03 (flawless)} 1/2-1/2

[Event "FRA-ch Teams Top 16-A 2022"]
[Site "Chartres"]
[Date "2022.06.10"]
[Round "2.4"]
[White "Fedorchuk, Sergey A."]
[Black "Santos Ruiz, Miguel"]
[Result "1/2-1/2"]
[ECO "C42"]
[WhiteElo "2606"]
[BlackElo "2586"]
[Annotator "TA"]
[PlyCount "26"]
[EventDate "2022.06.09"]
[EventType "team-tourn"]
[EventCountry "FRA"]
[SourceTitle "playchess.com"]
[Source "ChessBase"]
[SourceQuality "1"]
[TimeControl "40/5400+30:1800+30"]

1. e4 e5 2. Nf3 Nf6 3. Nxe5 d6 4. Nf3 Nxe4 5. Nc3 Nxc3 6. dxc3 Be7 7. Be3 O-O 8. Qd2 {[%emt 0:05:27] C42: Petroff Defence: 3 Nxe5 and unusual White 3rd moves.} Nd7 9. O-O-O Re8 10. Kb1 Nf6 {[%emt 0:00:32] The position is equal.} 11. Bd3 d5 12. Rhe1 Bg4 {[%emt 0:21:48] [#]} 13. Bd4 $146 ({Predecessor:} 13. h3 Bxf3 14. gxf3 a6 15. h4 c5 16. Rg1 Qb6 17. h5 Bf8 18. Rg5 Re6 19. Rdg1 {½-½ (37) Borstnik,A (2612)-Blitsko,B (2504) ICCF email 2020}) 13... c5 {[%emt 0:08:16] An uneventful encounter.  Weighted Error Value: White=0.06 (flawless) /Black=0.00 (flawless)} 1/2-1/2

[Event "FRA-ch Teams Top 16-A 2022"]
[Site "Chartres"]
[Date "2022.06.10"]
[Round "2.5"]
[White "Barbot, Pierre"]
[Black "Edouard, Romain"]
[Result "1/2-1/2"]
[ECO "A80"]
[WhiteElo "2450"]
[BlackElo "2575"]
[Annotator "TA"]
[PlyCount "54"]
[EventDate "2022.06.09"]
[EventType "team-tourn"]
[EventCountry "FRA"]
[SourceTitle "playchess.com"]
[Source "ChessBase"]
[SourceQuality "1"]
[TimeControl "40/5400+30:1800+30"]

1. d4 f5 2. Nf3 Nf6 3. Bf4 d6 4. e3 g6 5. Be2 Bg7 6. O-O {[%emt 0:00:43] A80: Dutch Defence: Unusual White second moves.} O-O 7. c4 Ne4 8. h3 Nc6 (8... e5 $5 9. Bh2 (9. dxe5 Nc6 $11) 9... Nd7 $11) 9. Nbd2 e5 10. Bh2 {[%emt 0:00:08] [#]} Ng5 $146 ({Predecessor:} 10... Nxd2 11. Qxd2 e4 12. Ne1 Ne7 13. Rc1 g5 14. f3 exf3 15. Nxf3 Ng6 16. e4 g4 17. hxg4 fxe4 {0-1 (45) Terbe,J (2273)-Khachatryan,V (1869) Chess.com INT 2020}) 11. c5 Nxf3+ 12. Nxf3 e4 13. cxd6 cxd6 14. Nd2 d5 15. Rc1 f4 16. Bxf4 Nxd4 17. Bc7 {[%emt 0:07:06] Prevents Qb6.} (17. Nb3 $5 Nxe2+ 18. Qxe2 $11) 17... Nxe2+ 18. Qxe2 Qg5 19. f4 exf3 20. Nxf3 Qe7 21. Bg3 Re8 22. Rc7 Qxe3+ {[%emt 0:00:36] The position is equal.} 23. Qxe3 Rxe3 24. Bf2 Re4 25. Rfc1 Rc4 26. R1xc4 dxc4 27. Bd4 Bh6 {[%emt 0:07:58] Weighted Error Value: White=0.10 (very precise) /Black=0.07 (flawless)} 1/2-1/2

[Event "FRA-ch Teams Top 16-A 2022"]
[Site "Chartres"]
[Date "2022.06.10"]
[Round "2.6"]
[White "David, Alberto"]
[Black "Wirig, Anthony"]
[Result "1/2-1/2"]
[ECO "B40"]
[WhiteElo "2520"]
[BlackElo "2520"]
[Annotator "TA"]
[PlyCount "33"]
[EventDate "2022.06.09"]
[EventType "team-tourn"]
[EventCountry "FRA"]
[SourceTitle "playchess.com"]
[Source "ChessBase"]
[SourceQuality "1"]
[TimeControl "40/5400+30:1800+30"]

1. e4 c5 2. Nf3 e6 3. g3 d5 4. exd5 exd5 5. d4 cxd4 6. Nxd4 {[%emt 0:09:29] B40: Sicilian: 2...e6, Unusual lines.} Nc6 7. Bg2 {[%emt 0:06:05] Active counter play!} Bc5 8. Nb3 Qe7+ {[%emt 0:03:39] [#]} 9. Kf1 $146 {[%emt 0:00:18] aiming for Nc3.} (9. Qe2 $5 Bb6 10. Qxe7+ Ngxe7 11. O-O $11) ({Predecessor:} 9. Qe2 Bb6 10. Nc3 Nb4 11. Qxe7+ Nxe7 12. O-O Nxc2 13. Rb1 Bf5 14. Bf4 Rd8 15. Rbd1 {½-½ (86) Adams,M (2716)-Vidit,S (2726) Tornelo INT 2021}) 9... Bb6 (9... Be6 $11) 10. Nc3 $14 Nf6 11. Bg5 $1 Be6 12. Qf3 ({But not} 12. Bxd5 O-O-O 13. Bxf6 Qxf6 14. Bxe6+ Qxe6 $17) (12. Nxd5 $14 Bxd5 13. Bxd5) 12... O-O-O $11 13. Rd1 Rhe8 14. Na4 d4 (14... Bc7 $15 15. Nac5 Kb8) 15. Nxb6+ {[%emt 0:00:07] The position is equal.} axb6 16. Kg1 Qd7 {[%emt 0:16:02] [#] Strongly threatening ...Bg4.} 17. Qf4 $1 {[%emt 0:07:20] Weighted Error Value: White=0.13 (very precise) /Black=0.11 (very precise)} ({Of course not} 17. Bxf6 Bg4 18. Bxd8 Bxf3 19. Bxf3 Rxd8 $17) 1/2-1/2

[Event "FRA-ch Teams Top 16-A 2022"]
[Site "Chartres"]
[Date "2022.06.10"]
[Round "2.7"]
[White "Milliet, Sophie"]
[Black "Velten, Paul"]
[Result "0-1"]
[ECO "C16"]
[WhiteElo "2410"]
[BlackElo "2492"]
[Annotator "TA"]
[PlyCount "120"]
[EventDate "2022.06.09"]
[EventType "team-tourn"]
[EventCountry "FRA"]
[SourceTitle "playchess.com"]
[Source "ChessBase"]
[SourceQuality "1"]
[TimeControl "40/5400+30:1800+30"]

1. e4 {[%emt 0:00:03] Finkel,A} e6 2. d4 d5 3. Nc3 Bb4 4. e5 b6 5. a3 Bf8 6. Nf3 Ne7 7. h4 h5 {[%emt 0:02:56] C16: French: 3 Nc3 Bb4 4 e5: Lines without ...c5.} (7... c5 $11) 8. Bg5 $16 Qd7 {[%emt 0:01:31] [#]} 9. b4 $146 {[%emt 0:01:07] Against c5} ({Predecessor:} 9. Bb5 c6 10. Ba4 Ba6 11. Ne2 Nf5 12. c3 Bb5 13. Bc2 Ne7 14. a4 Ba6 15. b4 {1-0 (37) Dolmatov,S (2570)-Danielian,O (2450) Moscow 1998 CBM 063 [Finkel,A]}) 9... Ba6 {[%emt 0:15:41] White is slightly better.} 10. b5 Bb7 11. Bd3 c5 12. bxc6 Nexc6 13. O-O Ba6 14. Ne2 Be7 (14... Na5 $11 {might be stronger.}) 15. Bxa6 $14 Nxa6 16. Qd3 Nc7 17. c4 dxc4 18. Qxc4 {[%emt 0:00:06] aiming for Rfc1.} Nd5 19. Ng3 f6 20. exf6 gxf6 21. Bd2 Bd6 22. Ne4 Nce7 23. Rfe1 Rc8 24. Qb3 a5 {[%emt 0:02:55] [#]} (24... Rc6 $11 {keeps the balance.}) 25. Re2 (25. Nxd6+ Qxd6 26. Re4 Qd7 $11) (25. Nxf6+ $1 $16 Nxf6 26. Rxe6) 25... Rc6 $11 26. Rae1 Bc7 27. a4 Rg8 28. Qb5 Kf7 {[%emt 0:03:04] [#]} 29. Nxf6 $1 Nxf6 30. Ng5+ Rxg5 31. hxg5 (31. Qxg5 $2 Qxd4 32. Bc1 (32. g3 $2 Qxa4 33. Re3 Qd4 $19) 32... Qxa4 $19) 31... Nfd5 32. Rxe6 $1 Bd6 $2 (32... Qxe6 33. Rxe6 Kxe6 34. g3 $16) (32... Rd6 $1 $14 33. Qxd7 Rxd7) 33. Rh6 $18 (33. Qe2 Bh2+ 34. Kxh2 Qxe6 35. Qxh5+ Qg6 36. Qf3+ (36. Qh8 Qg7 $17) 36... Qf5 37. Qh5+ Kg8 38. Qe8+ Qf8 $17) 33... Qg4 34. Qd3 {[%emt 0:01:28] Threatens to win with f3.} Ke8 35. Qb5 $2 ({Don't take} 35. Qg6+ $6 Kd7 36. Qd3 (36. Qxh5 Qxh5 37. Rxh5 Rc4 $11) 36... Kc7 $16) (35. g6 $18) 35... Kd8 36. Rh8+ Kd7 $1 37. Rh7 ({White should try} 37. Qd3 $1 $14) 37... Qxd4 $40 {[%emt 0:01:24][%mdl 128] Black mounts an attack. Chess con chili.} 38. Rc1 {[%emt 0:00:33] Black converts the advantage convincingly.} (38. Bc1 $11 {and White has nothing to worry.}) 38... Bc5 $19 39. Be3 (39. Be1 $17) 39... Nxe3 ({And not} 39... Qe4 40. Bxc5 Qxh7 41. Bxe7 Nxe7 42. Rd1+ Ke8 43. Re1 $17) 40. Rxe7+ Kxe7 41. Qxc6 {[%emt 0:30:28] [#] Black must now prevent Re1.} Ng4 $1 {[%emt 0:30:37] Active counter play!} 42. Re1+ $2 {[%emt 0:00:00] [#]} (42. Qf3 {is a better defense.} Qe5 43. g3) 42... Kf7 $1 43. Qf3+ ({Weaker is} 43. Rf1 Qe5 44. Qf3+ Kg6 $19) 43... Kg6 44. Rf1 Kxg5 {[%emt 0:00:00] Hoping for ...Qe5.} 45. g3 (45. Rd1 $142 Qxf2+ 46. Qxf2 Bxf2+ 47. Kh1) 45... Nxf2 {[%emt 0:00:00] ( -> ...Qb2)} 46. Kg2 Qd2 {[%emt 0:00:00] Black mates.} 47. Rxf2 Qxf2+ 48. Qxf2 Bxf2 49. Kxf2 {[%emt 0:00:05] K3P-KPP} Kf5 50. Kf3 Ke5 51. Ke3 Kd5 52. Kd3 Kc5 53. Kc3 b5 54. axb5 Kxb5 {[%emt 0:00:00] KPP-KP} 55. Kb3 Kc5 56. Ka4 Kd4 57. Kxa5 Ke4 58. Kb4 Kf3 59. Kc3 Kxg3 60. Kd2 Kg2 {[%emt 0:00:00] Weighted Error Value: White=0.35/Black=0.15 (very precise)} 0-1

[Event "FRA-ch Teams Top 16-A 2022"]
[Site "Chartres"]
[Date "2022.06.10"]
[Round "2.8"]
[White "Alexieva, Silvia"]
[Black "Loiseau, Quentin"]
[Result "1/2-1/2"]
[ECO "A45"]
[WhiteElo "2219"]
[BlackElo "2445"]
[Annotator "TA"]
[PlyCount "60"]
[EventDate "2022.06.09"]
[EventType "team-tourn"]
[EventCountry "FRA"]
[SourceTitle "playchess.com"]
[Source "ChessBase"]
[SourceQuality "1"]
[TimeControl "40/5400+30:1800+30"]

1. d4 Nf6 2. Bf4 g6 3. Nc3 d5 4. e3 Bg7 5. h4 h5 6. Be2 {[%emt 0:02:32] A45: Trompowsky Attack.} O-O 7. Nf3 c5 8. Ne5 {[%emt 0:05:36] The position is equal.} Nc6 9. Qd2 Qa5 {[%emt 0:08:20] [#]} 10. O-O $146 ({Predecessor:} 10. Nxc6 bxc6 11. Be5 Bf5 12. O-O Nd7 13. Bxg7 Kxg7 14. Bd3 Be6 15. a3 c4 16. Be2 {½-½ (39) Buksa,N (2401)-Abdumalik,Z (2491) Warsaw 2021}) 10... Bf5 11. Rfd1 (11. Rad1 {keeps more tension.} Rfc8 12. Nxc6 Rxc6 13. Nxd5 Qxd2 14. Nxf6+ Bxf6 15. Rxd2 cxd4 16. exd4 Rxc2 17. Rxc2 Bxc2 18. Bf3) 11... Rfd8 12. Nxc6 bxc6 13. Nxd5 Qxd2 14. Nxf6+ Bxf6 15. Rxd2 cxd4 16. exd4 Rxd4 17. Rxd4 Bxd4 18. c3 Bf6 19. Bf3 Rc8 20. g3 Be6 21. Kg2 Bd5 22. Re1 e6 23. Be5 Kg7 24. b3 Bxe5 25. Rxe5 $11 {[%emt 0:00:04][%mdl 4096] Endgame KRB-KRB} Kf6 26. Re2 Rd8 27. Be4 e5 28. Kf1 Ke6 29. Ke1 Rd6 ({Black should play} 29... f5 $11 30. Bxd5+ cxd5) 30. Bc2 $1 $14 Bf3 {[%emt 0:01:53] Weighted Error Value: White=0.05 (flawless) /Black=0.08 (flawless)} 1/2-1/2

[Event "FRA-ch Teams Top 16-A 2022"]
[Site "Chartres"]
[Date "2022.06.10"]
[Round "2.9"]
[White "Postny, Evgeny"]
[Black "Ragger, Markus"]
[Result "0-1"]
[ECO "D94"]
[WhiteElo "2563"]
[BlackElo "2636"]
[Annotator "TA"]
[PlyCount "74"]
[EventDate "2022.06.09"]
[EventType "team-tourn"]
[EventCountry "FRA"]
[SourceTitle "playchess.com"]
[Source "ChessBase"]
[SourceQuality "1"]
[TimeControl "40/5400+30:1800+30"]

1. d4 Nf6 2. c4 g6 3. Nc3 d5 4. Nf3 Bg7 5. e3 O-O 6. Bd2 e6 $1 {[%emt 0:01:19][%mdl 4] now scores much better than the old 6...c5.} 7. Qc2 {[%emt 0:12:29] D94: Grünfeld: 4 Nf3 Bg7 5 e3.} Nbd7 8. Rd1 {[%emt 0:09:07] [#]} Qe7 $146 (8... c5 {feels hotter.} 9. dxc5 Nxc5 10. cxd5 exd5 11. Nxd5 Qxd5 12. Bb4 Qxa2 13. Bxc5 Bf5) ({Predecessor:} 8... c6 9. b3 Qe7 10. Bd3 e5 11. dxe5 Nxe5 12. Nxe5 Qxe5 13. Ne2 dxc4 14. Qxc4 Be6 {0-1 (64) Grob,H-Koltanowski,G Roses 1935}) 9. cxd5 {[%emt 0:13:40] The position is equal.} exd5 10. Be2 c6 11. O-O Ne4 12. Bc1 Re8 13. Nd2 Ndf6 14. Bd3 Bf5 15. Rde1 Rad8 16. Nb3 Nd6 17. Re2 h5 18. f3 Bxd3 19. Qxd3 Nf5 20. Rfe1 Qc7 21. Nd2 a6 22. Nf1 c5 (22... h4 $17 23. Nd2 h3) 23. dxc5 $1 $15 Qxc5 24. Kh1 b5 {[%emt 0:01:15][%cal Bb7b5,Bb5b4][%mdl 32] 0x0.002ac30a0d29dp-1022s more active pieces.} 25. a3 Qc4 ({Better is} 25... h4 $17 {[%cal Oh4h3] Hoping for ...h3!} 26. Rc2 Qe7) 26. Qxc4 ({White should try} 26. Qd1 $15) 26... dxc4 $17 ({Weaker is} 26... bxc4 27. Rd1 $15) 27. Rd2 Rxd2 28. Bxd2 Nd7 29. a4 {[%emt 0:06:50] This move loses the game for White.} (29. Rb1 $17) 29... b4 $19 30. Nd5 {[%emt 0:00:06] [#]} a5 ({Stronger than} 30... Bxb2 31. Bxb4 Rb8 32. e4 $15) 31. e4 {[%emt 0:00:19] [#]} Ne7 {[%emt 0:02:00] White must now prevent ...Nxd5.} ({Not} 31... Bxb2 32. exf5 Rxe1 33. Bxe1 $11) 32. Nxe7+ Rxe7 33. Bg5 Re8 {[%emt 0:01:44] Black is clearly winning.} 34. Rd1 Nb6 35. Bd8 Nxa4 36. Bxa5 Nxb2 37. Rc1 Rb8 {[%emt 0:01:25] Weighted Error Value: White=0.38/Black=0.07 (flawless)} 0-1